[Event "Landsturneringen 2015"]
[Site "Oppsal arena, Oslo"]
[Date "2015.07.07"]
[Round "5"]
[White "Stubberud, Ørnulf"]
[Black "Fossan, Petter"]
[Result "0-1"]
[WhiteElo "2306"]
[BlackElo "2308"]
[ECO "A25"]
[PlyCount "134"]
[EventDate "2015.??.??"]
[TimeControl "6000+735"]
[WhiteClock "0:17:09"]
[BlackClock "0:23:35"]

1. c4 e5 2. g3 Nc6 3. Bg2 g6 4. Nc3 Bg7 5. e3 d6 6. d3 Nf6 7. Nge2 h5 8. h3 O-O
9. O-O Be6 10. Nd5 Ne7 11. e4 c6 12. Nxe7+ Qxe7 13. f4 Qd7 14. Kh2 Nh7 15. Nc3
f5 16. exf5 Bxf5 17. Be3 a6 18. Qd2 Rae8 19. Rae1 Qd8 20. fxe5 Bxe5 21. d4 Bf6
22. b3 Bg5 23. Bxg5 Qxg5 24. Qxg5 Nxg5 25. h4 Nf7 26. Be4 Nh6 27. Bxf5 Nxf5 28.
d5 Ne3 29. Rxf8+ Kxf8 30. Kh3 cxd5 31. Nxd5 Nxd5 32. Rf1+ Kg7 33. cxd5 Re5 34.
Rc1 Kf6 35. Rc7 Re7 36. Rc2 Re5 37. Rc7 Re7 38. Rc2 Re5 39. Rc7 b5 40. Rc6 Rxd5
41. Rxa6 Rd2 42. Rb6 b4 43. Rxb4 Rxa2 44. Rb5 Rd2 45. b4 d5 46. Rb6+ Ke5 47. b5
Rb2 48. Rb8 Ke4 49. b6 Kd3 50. b7 Kd4 51. g4 Rb3+ 52. Kg2 hxg4 53. Rg8 Rxb7 54.
Rxg6 Ke3 55. Rxg4 d4 56. Rg3+ Ke2 57. Kh3 Rf7 58. h5 d3 59. Rxd3 Kxd3 60. Kg4
Ke4 61. Kg5 Ke5 62. h6 Ke6 63. Kg6 Rf1 64. h7 Rg1+ 65. Kh6 Kf7 66. h8=N+ Kf6
67. Kh7 Rg2
0-1

[Event "Landsturneringen 2015"]
[Site "Oppsal arena, Oslo"]
[Date "2015.07.07"]
[Round "5"]
[White "Østenstad, Berge"]
[Black "Fossan, Erik"]
[Result "1-0"]
[WhiteElo "2456"]
[BlackElo "2356"]
[ECO "A33"]
[PlyCount "83"]
[EventDate "2015.??.??"]
[TimeControl "6000+2080"]
[WhiteClock "0:03:15"]
[BlackClock "0:00:47"]

1. c4 c5 2. Nf3 Nc6 3. d4 cxd4 4. Nxd4 Nf6 5. Nc3 e6 6. a3 Be7 7. e4 O-O 8. Nc2
b6 9. Be2 Bb7 10. O-O Rc8 11. Ne3 Qc7 12. f4 Rfd8 13. Bd3 d6 14. Bd2 a6 15. Rc1
Qb8 16. Kh1 Na7 17. Qe2 b5 18. f5 bxc4 19. Nxc4 Nb5 20. fxe6 fxe6 21. Nxb5 axb5
22. e5 dxe5 23. Nxe5 Rxc1 24. Bxc1 b4 25. axb4 Qd6 26. b5 Rf8 27. Rd1 Qb4 28.
Nc6 Bxc6 29. Qxe6+ Kh8 30. bxc6 Ng4 31. Be3 Bg5 32. Bg1 Bd8 33. Qe4 Qxe4 34.
Bxe4 Bc7 35. g3 h5 36. Kg2 Rb8 37. Rd2 Rb4 38. Bf3 Rc4 39. b3 Rc3 40. b4 Rb3
41. Bxg4 hxg4 42. Bc5
1-0

[Event "Landsturneringen 2015"]
[Site "Oppsal arena, Oslo"]
[Date "2015.07.07"]
[Round "5"]
[White "Djurhuus, Rune"]
[Black "Gausel, Einar J"]
[Result "1/2-1/2"]
[WhiteElo "2422"]
[BlackElo "2485"]
[ECO "C90"]
[PlyCount "150"]
[EventDate "2015.??.??"]
[TimeControl "6000+935"]
[WhiteClock "0:04:08"]
[BlackClock "0:06:24"]

1. e4 e5 2. Nf3 Nc6 3. Bb5 a6 4. Ba4 Nf6 5. O-O Be7 6. d3 b5 7. Bb3 d6 8. c3
O-O 9. Re1 Na5 10. Bc2 c5 11. Nbd2 Re8 12. Nf1 Bf8 13. Bg5 h6 14. Bh4 g6 15. d4
cxd4 16. cxd4 exd4 17. Nxd4 Bg7 18. f3 Bb7 19. a4 Nc4 20. b3 Ne5 21. axb5 axb5
22. Rxa8 Bxa8 23. Qd2 Qb8 24. Qb4 Nc6 25. Nxc6 Bxc6 26. Bg3 Qb6+ 27. Bf2 Qb8
28. Bd4 Re6 29. Qc3 Qe8 30. b4 Bb7 31. Ra1 d5 32. e5 Nh5 33. Qc7 Qc6 34. Qxc6
Bxc6 35. Ra6 Be8 36. Rxe6 fxe6 37. g3 Bf8 38. Bc5 Bxc5+ 39. bxc5 Kf8 40. Nd2 b4
41. Kf2 g5 42. Ke3 Ke7 43. f4 gxf4+ 44. gxf4 Ng7 45. Nf3 Kd8 46. Nd4 Kc7 47.
Bd1 Bg6 48. Kd2 Be4 49. Be2 Nf5 50. Nxe6+ Kd7 51. Nf8+ Kc6 52. Ne6 Kd7 53. Nf8+
Kc6 54. Bg4 Kxc5 55. Ne6+ Kc4 56. Bxf5 Bxf5 57. Ng7 Be4 58. e6 b3 59. e7 b2 60.
e8=Q b1=Q 61. Qc6+ Kb4 62. Qb6+ Kc4 63. Qxb1 Bxb1 64. f5 Kc5 65. f6 Bg6 66. Nf5
d4 67. Nxh6 Kd6 68. f7 Ke7 69. Ng4 Kxf7 70. Ne5+ Kf6 71. Nxg6 Kxg6 72. Kd3 Kh5
73. Kxd4 Kh4 74. Ke3 Kh3 75. Ke2 Kxh2
1/2-1/2

[Event "Landsturneringen 2015"]
[Site "Oppsal arena, Oslo"]
[Date "2015.07.07"]
[Round "5"]
[White "Moen, Andreas G.R."]
[Black "Grønn, Atle"]
[Result "1/2-1/2"]
[WhiteElo "2361"]
[BlackElo "2341"]
[ECO "B06"]
[PlyCount "121"]
[EventDate "2015.??.??"]
[TimeControl "6000+1765"]
[WhiteClock "0:19:18"]
[BlackClock "0:12:27"]

1. e4 d6 2. Nc3 g6 3. d4 c6 4. Nf3 Bg7 5. Be2 Nf6 6. O-O O-O 7. h3 Nbd7 8. a4
e5 9. dxe5 dxe5 10. Bc4 Qa5 11. Re1 Nh5 12. Qd6 Qc5 13. Qxc5 Nxc5 14. Be3 Ne6
15. a5 Nd4 16. Bxd4 exd4 17. Ne2 d3 18. cxd3 Bxb2 19. Rab1 Bh8 20. Rb3 Ng7 21.
Nf4 Re8 22. Reb1 Re7 23. e5 Ne8 24. d4 Rb8 25. g4 Nc7 26. Ng5 c5 27. Nd5 Nxd5
28. Bxd5 cxd4 29. Nxf7 Be6 30. Bxe6 Rxe6 31. Nxh8 Kxh8 32. Rxb7 Rxb7 33. Rxb7
Rxe5 34. Rxa7 d3 35. Rd7 Rxa5 36. Rxd3 h5 37. Rd7 Kg8 38. Kg2 hxg4 39. hxg4 Ra3
40. f3 Rb3 41. Kg3 Rb4 42. Kh4 Rb5 43. f4 Kf8 44. Ra7 Rc5 45. Ra3 Kg7 46. Kg3
Kf6 47. Re3 Ra5 48. Kf3 Rb5 49. Rd3 Rb4 50. Rd6+ Kg7 51. g5 Rb7 52. Ke4 Kf7 53.
Ke5 Re7+ 54. Kd5 Ra7 55. Rf6+ Kg7 56. Rc6 Rf7 57. Ke4 Re7+ 58. Kd4 Rf7 59. Ke5
Rf5+ 60. Ke4 Rf7 61. Rd6
1/2-1/2

[Event "Landsturneringen 2015"]
[Site "Oppsal arena, Oslo"]
[Date "2015.07.07"]
[Round "5"]
[White "Hole, Øystein"]
[Black "Skrondal, Inge Sandstad"]
[Result "1-0"]
[WhiteElo "2348"]
[BlackElo "2271"]
[ECO "B06"]
[PlyCount "86"]
[EventDate "2015.??.??"]
[TimeControl "6000+1130"]
[WhiteClock "0:11:16"]
[BlackClock "0:01:27"]

1. Nf3 g6 2. e4 Bg7 3. d4 d6 4. c3 Nc6 5. d5 Ne5 6. Nxe5 Bxe5 7. Be3 e6 8. Bb5+
Bd7 9. Qb3 c6 10. Bc4 exd5 11. exd5 c5 12. O-O Ne7 13. Re1 O-O 14. Bxc5 Nf5 15.
Rxe5 dxc5 16. Nd2 b5 17. Bf1 c4 18. Qd1 Nd6 19. Qf3 Rc8 20. g3 a5 21. a3 Kg7
22. Rae1 Qf6 23. Qe3 Rfe8 24. f4 a4 25. h3 h5 26. Nf3 Nf5 27. Qf2 Qd6 28. g4
hxg4 29. hxg4 Nh6 30. Qd4 f6 31. Rxe8 Rxe8 32. Rxe8 Bxe8 33. g5 Nf5 34. gxf6+
Qxf6 35. Qe5 Bf7 36. Bg2 Qxe5 37. Nxe5 Be8 38. Kf2 Kf6 39. Bh3 g5 40. Bxf5 Kxf5
41. d6 Ke6 42. d7 Bxd7 43. Nxd7 gxf4
1-0

[Event "Landsturneringen 2015"]
[Site "Oppsal arena, Oslo"]
[Date "2015.07.07"]
[Round "5"]
[White "Holm, Kristian Stuvik"]
[Black "Elsness, Frode"]
[Result "1/2-1/2"]
[WhiteElo "2398"]
[BlackElo "2434"]
[ECO "E32"]
[PlyCount "43"]
[EventDate "2015.??.??"]
[TimeControl "6000+1775"]
[WhiteClock "0:24:28"]
[BlackClock "0:17:23"]

1. d4 Nf6 2. c4 e6 3. Nc3 Bb4 4. Qc2 O-O 5. Nf3 c5 6. dxc5 Na6 7. g3 Nxc5 8.
Bg2 b6 9. O-O Bb7 10. Nb5 Be4 11. Qd1 Nb7 12. Bf4 a6 13. Nd6 Nxd6 14. Bxd6 Bxd6
15. Qxd6 Qb8 16. Rfd1 Rc8 17. Ne5 Bxg2 18. Kxg2 Ra7 19. Qxb8 Rxb8 20. g4 Rbb7
21. Rd3 Ne8 22. Rad1
1/2-1/2

[Event "Landsturneringen 2015"]
[Site "Oppsal arena, Oslo"]
[Date "2015.07.07"]
[Round "5"]
[White "Røyset, Pål"]
[Black "Djurhuus, Eivind X"]
[Result "0-1"]
[WhiteElo "2236"]
[BlackElo "2149"]
[ECO "B23"]
[PlyCount "142"]
[EventDate "2015.??.??"]
[TimeControl "6000+1340"]
[WhiteClock "0:14:29"]
[BlackClock "0:02:35"]

1. e4 c5 2. Nc3 Nc6 3. f4 g6 4. Nf3 Bg7 5. Bb5 Nd4 6. O-O a6 7. Bc4 e6 8. a3
Ne7 9. d3 O-O 10. Ba2 d5 11. Bd2 dxe4 12. dxe4 Nxf3+ 13. Rxf3 e5 14. Qe1 Be6
15. f5 gxf5 16. exf5 Nxf5 17. Bxe6 fxe6 18. Rd1 Nd4 19. Rxf8+ Qxf8 20. Qe4 Qf5
21. Rf1 Qxe4 22. Nxe4 Nxc2 23. Rc1 Nd4 24. Rxc5 Rf8 25. h3 Nc6 26. Bg5 h6 27.
Be3 Rd8 28. Rc3 Rd1+ 29. Kf2 Rb1 30. Bc1 Nd4 31. Nd2 Ra1 32. Ne4 b5 33. Rc8+
Kh7 34. Bd2 Rb1 35. Bc3 a5 36. Rb8 a4 37. Rb7 Kg6 38. Ke3 h5 39. Nc5 Rg1 40.
Kf2 Rb1 41. Bxd4 exd4 42. Rxb5 e5 43. Kf3 Rf1+ 44. Ke2 Rg1 45. Kf2 Rd1 46. Ke2
Rg1 47. Nxa4 e4 48. Kf2 Rd1 49. Nc5 e3+ 50. Ke2 Rd2+ 51. Kf3 Rf2+ 52. Ke4 e2
53. Nd3 Rf1 54. a4 e1=Q+ 55. Nxe1 Rxe1+ 56. Kd3 Rd1+ 57. Kc2 Rg1 58. a5 Rxg2+
59. Kd3 Rg1 60. b4 Ra1 61. Ke4 Re1+ 62. Kd3 Re3+ 63. Kd2 Ra3 64. Rb6+ Kf5 65.
a6 Ke4 66. Re6+ Be5 67. b5 Ra2+ 68. Kc1 d3 69. Re7 d2+ 70. Kd1 Kd3 71. Rd7+ Bd4
0-1

[Event "Landsturneringen 2015"]
[Site "Oppsal arena, Oslo"]
[Date "2015.07.07"]
[Round "5"]
[White "Røyset, Jon Kr."]
[Black "Nilsen, Joachim B."]
[Result "0-1"]
[WhiteElo "2279"]
[BlackElo "2369"]
[ECO "D27"]
[PlyCount "82"]
[EventDate "2015.??.??"]
[TimeControl "6000+865"]
[WhiteClock "0:30:12"]
[BlackClock "0:32:38"]

1. d4 d5 2. c4 dxc4 3. Nf3 Nf6 4. e3 e6 5. Bxc4 c5 6. O-O a6 7. a4 Nc6 8. Nc3
Be7 9. Qe2 cxd4 10. Rd1 O-O 11. exd4 Nd5 12. Qe4 Nf6 13. Qe2 Nd5 14. Bd3 Re8
15. Qe4 f5 16. Qe2 Bf6 17. Bc4 Ncb4 18. Bb3 b6 19. Nxd5 Nxd5 20. Bc4 Bb7 21.
Ra3 Qd6 22. Ne5 Rec8 23. Rg3 Rc7 24. Bg5 Bxg5 25. Rxg5 Rac8 26. Qf1 Qb4 27. b3
b5 28. axb5 axb5 29. Bxb5 Nc3 30. Bc4 Nxd1 31. Bxe6+ Kh8 32. Ng6+ hxg6 33. Qe2
Bf3 34. gxf3 Rc1 35. Kg2 Nxf2 36. Bxc8 Rxc8 37. Qxf2 Qxb3 38. Qh4+ Kg8 39. Rxg6
Rc2+ 40. Kg3 Qb8+ 41. Qf4 Rg2+
0-1

[Event "Landsturneringen 2015"]
[Site "Oppsal arena, Oslo"]
[Date "2015.07.07"]
[Round "5"]
[White "Byklum, Bjørnar"]
[Black "Christiansen, Johan-Sebastian"]
[Result "0-1"]
[WhiteElo "2300"]
[BlackElo "2409"]
[ECO "D25"]
[PlyCount "88"]
[EventDate "2015.??.??"]
[TimeControl "6000+1535"]
[WhiteClock "0:13:20"]
[BlackClock "0:24:38"]

1. d4 d5 2. c4 dxc4 3. Nf3 Nf6 4. e3 b5 5. a4 b4 6. Bxc4 e6 7. O-O Be7 8. b3
Bb7 9. Bb2 O-O 10. Nbd2 c5 11. Qe2 Nbd7 12. Rac1 Rc8 13. Rc2 Rc7 14. Rfc1 Qb8
15. Bd3 Rfc8 16. Ne5 Qa8 17. f3 Qb8 18. Ndc4 cxd4 19. exd4 Bd8 20. Re1 Nf8 21.
Bc1 Nd5 22. Qf2 Re7 23. Rce2 Re8 24. f4 Bf6 25. f5 exf5 26. Qxf5 Rcd8 27. Nf3
Rxe2 28. Rxe2 Ne7 29. Qg4 Bxf3 30. Qxf3 Bxd4+ 31. Kh1 Bf6 32. Bd2 Neg6 33. h3
Ne6 34. Be4 Nd4 35. Qf2 Nxe2 36. Qxe2 Bc3 37. Be3 Qc7 38. a5 Re8 39. Qf3 Qe7
40. Bc6 Rd8 41. Bd5 Bf6 42. a6 Qd7 43. Bb7 Bd4 44. Nb6 axb6
0-1

[Event "Landsturneringen 2015"]
[Site "Oppsal arena, Oslo"]
[Date "2015.07.07"]
[Round "5"]
[White "Sagafos, Magne"]
[Black "Getz, Nicolai"]
[Result "1/2-1/2"]
[WhiteElo "2409"]
[BlackElo "2386"]
[ECO "C47"]
[PlyCount "140"]
[EventDate "2015.??.??"]
[TimeControl "6000+1235"]
[WhiteClock "0:03:35"]
[BlackClock "0:04:48"]

1. e4 e5 2. Nf3 Nc6 3. Nc3 Nf6 4. d4 exd4 5. Nxd4 Bc5 6. Be3 Bb6 7. Nf5 Bxe3 8.
Nxe3 O-O 9. Bd3 d6 10. O-O Ne5 11. f4 Nfg4 12. Nxg4 Bxg4 13. Qd2 Nxd3 14. Qxd3
Bd7 15. Qd4 Bc6 16. Rae1 a6 17. Re3 Qd7 18. f5 f6 19. Ne2 Rae8 20. Nf4 Re5 21.
Nd3 Re7 22. c4 Rfe8 23. Rfe1 b6 24. Nf2 Bb7 25. b3 Qc6 26. Rg3 Qc5 27. Qxf6 Rf7
28. Qc3 Rxe4 29. Rxe4 Bxe4 30. f6 Bg6 31. Rf3 gxf6 32. Rxf6 Re7 33. Kf1 Re3 34.
Qd2 Qe5 35. Qd5+ Qxd5 36. cxd5 Re5 37. Ng4 Bd3+ 38. Kf2 Rxd5 39. Rf3 Kg7 40.
Nf6 Re5 41. g4 Bg6 42. h4 h6 43. Kg3 d5 44. Nd7 Re7 45. Nb8 c5 46. Nxa6 d4 47.
Rf2 Bd3 48. Nb8 Be2 49. Nc6 Re6 50. Nd8 Re3+ 51. Kf4 Re8 52. Nb7 Rf8+ 53. Kg3
Rxf2 54. Kxf2 Bxg4 55. Nd6 Be6 56. Kg3 Kf6 57. Kf4 Bd7 58. Nc4 b5 59. Ne5 Ke6
60. Ke4 Be8 61. b4 d3 62. Nxd3 Bg6+ 63. Ke3 Bxd3 64. Kxd3 c4+ 65. Kd4 Kd6 66.
a4 bxa4 67. Kxc4 Kc6 68. b5+ Kb6 69. Kb4 a3 70. Kxa3 Kxb5
1/2-1/2

[Event "Landsturneringen 2015"]
[Site "Oppsal arena, Oslo"]
[Date "2015.07.07"]
[Round "5"]
[White "Tari, Aryan"]
[Black "Mikalsen, Erlend"]
[Result "1-0"]
[WhiteElo "2499"]
[BlackElo "2334"]
[ECO "C78"]
[PlyCount "55"]
[EventDate "2015.??.??"]
[TimeControl "6000+1055"]
[WhiteClock "0:24:34"]
[BlackClock "0:31:03"]

1. e4 e5 2. Nf3 Nc6 3. Bb5 a6 4. Ba4 Nf6 5. O-O b5 6. Bb3 Bb7 7. Re1 Bc5 8. c3
d6 9. d4 Bb6 10. Be3 O-O 11. Nbd2 exd4 12. cxd4 Nb4 13. d5 Nd3 14. Re2 c5 15.
Qb1 c4 16. Bxc4 Nxf2 17. Bxf2 Bxf2+ 18. Rxf2 bxc4 19. Nxc4 Qc7 20. Qd3 Qc5 21.
b4 Qa7 22. h3 Rad8 23. Nfd2 Rfe8 24. Raf1 Re7 25. Kh2 Rde8 26. Nxd6 Qb8 27.
Rxf6 gxf6 28. Qg3+
1-0

[Event "Landsturneringen 2015"]
[Site "Oppsal arena, Oslo"]
[Date "2015.07.07"]
[Round "5"]
[White "Urkedal, Frode Olav Olsen"]
[Black "Salomon, Johan"]
[Result "1/2-1/2"]
[WhiteElo "2512"]
[BlackElo "2419"]
[ECO "D16"]
[PlyCount "79"]
[EventDate "2015.??.??"]
[TimeControl "6000+1825"]
[WhiteClock "0:03:23"]
[BlackClock "0:23:23"]

1. d4 d5 2. c4 c6 3. Nf3 Nf6 4. Nc3 dxc4 5. a4 e6 6. e3 c5 7. Bxc4 Nc6 8. O-O
cxd4 9. Nxd4 Bd7 10. Qe2 a6 11. Nxc6 Bxc6 12. e4 Be7 13. Rd1 Qa5 14. e5 Nd7 15.
Bf4 g5 16. Bg3 h5 17. h3 h4 18. Bh2 g4 19. Qxg4 O-O-O 20. Qf4 Rhg8 21. Bf1 Bg5
22. Qxf7 Rdf8 23. Qxe6 Qb6 24. Ne4 Qxb2 25. Rab1 Qc2 26. Rxd7 Bxd7 27. Nd6+ Kb8
28. Rxb7+ Ka8 29. Ra7+ Kb8 30. Rb7+ Ka8 31. Rxd7 Qxf2+ 32. Kh1 Qxf1+ 33. Bg1
Qxg1+ 34. Kxg1 Be3+ 35. Kh2 Rxg2+ 36. Kxg2 Rf2+ 37. Kg1 Rf3+ 38. Kh2 Rf2+ 39.
Kh1 Rf1+ 40. Kg2
1/2-1/2

[Event "Landsturneringen 2015"]
[Site "Oppsal arena, Oslo"]
[Date "2015.07.08"]
[Round "6"]
[White "Tari, Aryan"]
[Black "Urkedal, Frode Olav Olsen"]
[Result "1-0"]
[WhiteElo "2499"]
[BlackElo "2512"]
[ECO "C11"]
[PlyCount "55"]
[EventDate "2015.??.??"]
[TimeControl "6000+1480"]
[WhiteClock "0:40:25"]
[BlackClock "0:12:35"]

1. e4 e6 2. d4 d5 3. Nc3 Nf6 4. e5 Nfd7 5. f4 c5 6. Nf3 Nc6 7. Be3 a6 8. Qd2 b5
9. dxc5 Bxc5 10. Bd3 Rb8 11. Bf2 Qb6 12. O-O Bxf2+ 13. Rxf2 Nc5 14. Re1 b4 15.
Nd1 a5 16. Ne3 O-O 17. f5 Nxd3 18. Qxd3 Ba6 19. Qd2 Kh8 20. f6 gxf6 21. Ng4
Nxe5 22. Nfxe5 fxe5 23. Nf6 Rg8 24. Nd7 Qc7 25. Rxf7 Bb7 26. Qh6 Rxg2+ 27. Kxg2
Qxc2+ 28. Kh3
1-0

[Event "Landsturneringen 2015"]
[Site "Oppsal arena, Oslo"]
[Date "2015.07.08"]
[Round "6"]
[White "Fossan, Petter"]
[Black "Holm, Kristian Stuvik"]
[Result "0-1"]
[WhiteElo "2308"]
[BlackElo "2398"]
[ECO "A57"]
[PlyCount "76"]
[EventDate "2015.??.??"]
[TimeControl "6000+305"]
[WhiteClock "1:18:13"]
[BlackClock "1:23:43"]

1. d4 Nf6 2. c4 c5 3. d5 b5 4. cxb5 a6 5. f3 axb5 6. e4 Qa5+ 7. Bd2 b4 8. Na3
d6 9. Nc4 Qd8 10. a3 e6 11. dxe6 Bxe6 12. axb4 Rxa1 13. Qxa1 d5 14. exd5 Nxd5
15. Ne5 Bd6 16. Bb5+ Kf8 17. Nc4 Nxb4 18. Bxb4 Bxc4 19. Bxc4 cxb4 20. b3 Bc5
21. Ne2 Qc7 22. g3 h5 23. Nf4 h4 24. Nd5 Qd6 25. g4 Rh6 26. Kd1 Rf6 27. Rf1 Re6
28. f4 Nc6 29. Re1 Kg8 30. Qa8+ Kh7 31. Rxe6 Qxe6 32. h3 Bf2 33. Kc2 Qe4+ 34.
Kc1 Qe1+ 35. Kc2 Nd4+ 36. Kb2 Qd2+ 37. Ka1 Nc2+ 38. Kb1 Na3+
0-1

[Event "Landsturneringen 2015"]
[Site "Oppsal arena, Oslo"]
[Date "2015.07.09"]
[Round "7"]
[White "Gausel, Einar J"]
[Black "Elsness, Frode"]
[Result "1-0"]
[WhiteElo "2485"]
[BlackElo "2434"]
[ECO "A46"]
[PlyCount "71"]
[EventDate "2015.??.??"]
[TimeControl "6000+630"]
[WhiteClock "0:59:52"]
[BlackClock "0:30:37"]

1. d4 Nf6 2. Nf3 e6 3. e3 b6 4. Bd3 Bb7 5. O-O d5 6. c4 Bd6 7. Nc3 O-O 8. b3
Ne4 9. Bb2 f5 10. Nb5 Be7 11. cxd5 a6 12. Nc3 exd5 13. Ne2 Bd6 14. Ne5 Nd7 15.
f3 Ng5 16. Ng3 g6 17. f4 Ne4 18. Nxe4 fxe4 19. Be2 Qe7 20. Rc1 Rae8 21. Rc2 Bc8
22. a4 Bb7 23. Qc1 Nb8 24. Rf2 Bc8 25. b4 Be6 26. b5 axb5 27. axb5 Nd7 28. Bd1
Ra8 29. g3 Rfe8 30. Nc6 Qf8 31. g4 Kh8 32. g5 Bh3 33. Ne5 Qf5 34. Rc6 Nb8 35.
Rc3 Nd7 36. Bb3
1-0

[Event "Landsturneringen 2015"]
[Site "Oppsal arena, Oslo"]
[Date "2015.07.09"]
[Round "7"]
[White "Byklum, Bjørnar"]
[Black "Røyset, Jon Kr."]
[Result "0-1"]
[WhiteElo "2300"]
[BlackElo "2279"]
[ECO "A56"]
[PlyCount "138"]
[EventDate "2015.??.??"]
[TimeControl "5400+12750"]
[WhiteClock "0:21:27"]
[BlackClock "0:05:27"]

1. d4 Nf6 2. c4 c5 3. d5 e5 4. Nc3 d6 5. e4 Be7 6. Bd3 O-O 7. h3 Nbd7 8. g4 a6
9. a4 Ne8 10. Nf3 Nc7 11. Be3 Re8 12. Qd2 b6 13. b3 Rb8 14. Ke2 Nf6 15. Kf1 Bd7
16. Qe2 g6 17. Kg2 Bf8 18. Nd2 Bg7 19. Rhb1 a5 20. Rh1 Kh8 21. Rag1 Re7 22. Kf1
Ng8 23. h4 h6 24. Ke1 Ne8 25. Qd1 Nef6 26. Be2 Nh7 27. Nf1 Be8 28. Ng3 f6 29.
Qd2 Rf7 30. g5 fxg5 31. hxg5 Rf4 32. gxh6 Bf6 33. Bxf4 exf4 34. Nf1 Qe7 35. Kd1
Bd4 36. Rg2 f3 37. Bxf3 Qf6 38. Qd3 Bxc3 39. Kc2 Bd4 40. Nh2 Ng5 41. Be2 Nf7
42. Qd2 Qh4 43. f4 g5 44. Rg4 Qh3 45. Qe1 Qe3 46. f5 Bf6 47. Qd2 Qxd2+ 48. Kxd2
Ne5 49. Rg3 Rb7 50. Rh3 Rh7 51. Ng4 Nxg4 52. Bxg4 Be5 53. Ke3 Nf6 54. Kf3 Re7
55. Re1 Kh7 56. Re2 Bf4 57. Rh1 Nd7 58. Bh5 Ne5+ 59. Kg2 Bxh5 60. Rxh5 Rf7 61.
Rh1 Rf6 62. Ree1 Rxh6 63. Rxh6+ Kxh6 64. Rh1+ Kg7 65. f6+ Kxf6 66. Rh8 Nd3 67.
Rb8 Ke5 68. Rxb6 g4 69. Rb5 g3
0-1